 Dungeon Crawl Stone Soup version 0.25-a0-353-ged6d547 (webtiles) character file.

Game seed: 5342521687767070917, levelgen mode: deterministic

61 Birdy the Twirler (level 4, -2/23 HPs)
             Began as a Vine Stalker Gladiator on Jan 3, 2020.
             Slain by Sigmund
             ... wielding a +6 scythe of venom
              (10 damage)
             ... on level 3 of the Dungeon.
             The game lasted 00:04:38 (1776 turns).

Birdy the Twirler (Vine Stalker Gladiator)          Turns: 1776, Time: 00:04:38

Health: -2/23      AC:  5    Str: 16    XL:     4   Next: 7%
Magic:  0/6        EV: 13    Int:  8    God:
Gold:   99         SH:  0    Dex: 17    Spells: 5/5 levels left

rFire    . . .     SeeInvis .   a - +0 quarterstaff
rCold    . . .     Gourm    .   (shield currently unavailable)
rNeg     . . .     Faith    .   b - +0 leather armour
rPois    .         Spirit   +   c - +0 helmet
rElec    .         Reflect  .   j - +0 cloak
rCorr    +         Harm     .   (no gloves)
MR       ++...     Rnd*Tele +   (no boots)
Stlth    ++........             (no amulet)
HPRegen  0.47/turn              l - ring of protection from magic
MPRegen  0.10/turn              g - ring of resist corrosion

@: lethally poisoned (-2 -> -10)
A: claws 1, fangs 2, magic resistance 1, regeneration 1, teleportitis 1, magic
shield, antimagic bite, no potion heal 3, rot immunity
a: no special abilities


You were on level 3 of the Dungeon.
You were hungry.

You visited 1 branch of the dungeon, and saw 3 of its levels.

You collected 99 gold pieces.

Inventory:

Hand Weapons
 a - a +0 quarterstaff (weapon)
Missiles
 d - 3 throwing nets (quivered)
Armour
 b - a +0 leather armour (worn)
 c - a +0 helmet (worn)
 j - a +0 cloak (worn)
Jewellery
 g - a ring of resist corrosion (right claw)
 l - a ring of protection from magic (left claw)
Scrolls
 e - a scroll of teleportation
Comestibles
 f - 3 rations


   Skills:
 + Level 2.2 Fighting
 + Level 3.0 Staves
 - Level 1.7 Throwing
 + Level 0.9 Armour
 + Level 2.7 Dodging
 + Level 1.6 Stealth
 + Level 1.1 Spellcasting


You had 5 spell levels left.
You didn't know any spells.
Your spell library was empty.

Dungeon Overview and Level Annotations

Branches:
Dungeon (3/15)

Altars:
Makhleb

Annotations:
D:3 Sigmund


Innate Abilities, Weirdness & Mutations

You have extremely sharp teeth.
Your natural rate of healing is unusually fast.
When hurt, damage is shared between your health and your magic reserves.
Your bite disrupts and absorbs the magic of your enemies.
Potions cannot restore your health.
You are immune to rotting.
You have sharp fingernails.
You are resistant to hostile enchantments. (MR+)
You are occasionally teleported next to monsters.


Message History

You hear a zap.
A puff of flame appears from out of thin air!
The puff of flame hits you.
You hear a zap.
A puff of flame appears from out of thin air!
The puff of flame hits you! Something hits you.
You are poisoned.
The goblin hits you but does no damage.
You hit the goblin.
You kill the goblin!
You feel sick. Something hits you.
You are lethally poisoned!
Unknown command.
You aren't carrying any potions.
Unknown command.
You aren't carrying any potions.
Unknown command.
You feel sick. Something hits you!
You die...

..#.# ....# ####
#.#####... ####
#...$.#.##.#..#
#..##.#..#.#..#
.#.s..#..# ...#
.#<#o.#..###.#
.#.#..#......######.#
.#....#.(...so).@...#
.#......#############
.#...#### ##.## ...#
#####


You could see an orc and a giant cockroach.

Vanquished Creatures
  2 adders (D:2)
  A worm (D:2)
  4 bats
  7 giant cockroaches
  6 goblins
  5 hobgoblins
  4 frilled lizards
  8 kobolds
  3 rats
40 creatures vanquished.

Notes
Turn   | Place    | Note
-------+----------+-------------------------------------------
     0 | D:1      | Birdy the Vine Stalker Gladiator began the quest for the
                  | Orb.
     0 | D:1      | Reached XP level 1. HP: 11/11 MP: 2/2
   157 | D:1      | Reached XP level 2. HP: 10/15 MP: 3/3
   301 | D:1      | Reached skill level 1 in Stealth
   812 | D:2      | Reached XP level 3. HP: 18/18 MP: 4/4
   848 | D:2      | Reached skill level 3 in Staves
   928 | D:2      | Reached skill level 1 in Spellcasting
   952 | D:2      | Found a burning altar of Makhleb.
  1342 | D:2      | Gained mutation: Your natural rate of healing is unusually
                  | fast. [Vine Stalker growth]
  1342 | D:2      | Reached XP level 4. HP: 22/23 MP: 6/6
  1719 | D:2      | Gained mutation: You are occasionally teleported next to
                  | monsters. [potion of mutation]
  1719 | D:2      | Gained mutation: You are resistant to hostile enchantments.
                  | (MR+) [potion of mutation]
  1719 | D:2      | Gained mutation: You have sharp fingernails. [potion of
                  | mutation]
  1754 | D:3      | Noticed Sigmund
  1776 | D:3      | Slain by Sigmund

Levels and vault maps discovered:
D:1:      dpeg_arrival_court, layout_loops_ring
D:2:      layout_basic, bloody_makhleb, lemuel_flame_loot_1
D:3:      layout_basic, uniq_grinder, uniq_purgy, uniq_sigmund

Skill      XL: |  1  2  3 |
---------------+----------+-----
Stealth        | 1 |  1.6
Fighting       | 2 |  2.2
Staves         | 3 |  3.0
Spellcasting   | 1 |  1.1
Throwing       | |  1.7
Armour         | |  0.9
Dodging        | |  2.7

Action                   |  1- 3 |  4- 6 || total
-------------------------+-------+-------++-------
Melee: Quarterstaff      |    85 |    11 ||    96
       Bite              |    20 |     2 ||    22
  Use: Potion            |     4 |     1 ||     5
       Scroll            |     4 |     1 ||     5
 Stab: Sleeping          |     2 |       ||     2
  Eat: Chunk             |     1 |     1 ||     2
Armor: Leather armour    |    33 |     4 ||    37
Dodge: Dodged            |    53 |    10 ||    63

Table legend:
 A = Non-vault XP
 B = Vault XP
 C = Vault XP percentage of total XP
 D = Non-vault monster count
 E = Vault monster count
 F = Vault count percentage of total count
                 A         B        C        D         E       F
            +---------+---------+-------+---------+---------+-------
      Total |      88 |       0 |   0.0 |      40 |       0 |   0.0
            +---------+---------+-------+---------+---------+-------
        D:1 |      33 |       0 |   0.0 |      21 |       0 |   0.0
        D:2 |      54 |       0 |   0.0 |      18 |       0 |   0.0
        D:3 |       1 |       0 |   0.0 |       1 |       0 |   0.0
            +---------+---------+-------+---------+---------+-------
